 Dungeon Crawl Stone Soup version 0.26-a0-665-gefeb406119 (webtiles) character file.

Game seed: 13233164926153157398

22 miscthings the Sneak (level 2, -2/27 HPs)
             Began as a Palentonga Delver on Oct 16, 2020.
             Was an Initiate of Okawaru.
             Slain by an adder (4 damage)
             ... on level 2 of the Dungeon.
             The game lasted 00:01:51 (473 turns).

miscthings the Sneak (Palentonga Delver)             Turns: 473, Time: 00:01:51

Health: -2/27      AC:  4    Str: 15    XL:     2   Next: 68%
Magic:  2/2        EV:  9    Int: 10    God:    Okawaru [......]
Gold:   25         SH:  0    Dex: 11    Spells: 1/1 levels left

rFire    . . .     SeeInvis +   a - +0 hand axe
rCold    . . .     Faith    .   (no shield)
rNeg     . . .     Spirit   .   b - +0 leather armour
rPois    .         Reflect  .   (no helmet)
rElec    .         Harm     .   (no cloak)
rCorr    .         Rampage  .   (no gloves)
MR       .....                  (no barding)
Stlth    ++........             (no amulet)
HPRegen  0.09/turn              (no ring)
MPRegen  0.08/turn              (no ring)

@: lethally poisoned (-2 -> -10), flying
A: large, rugged brown scales 3, see invisible, deformed body, roll, armoured
tail
a: Rolling Charge, Renounce Religion


You were on level 2 of the Dungeon.
You worshipped Okawaru.
Okawaru was noncommittal.
You visited 2 branches of the dungeon, and saw 5 of its levels.

You collected 25 gold pieces.

Inventory:

Hand Weapons
 a - a +0 hand axe (weapon)
Armour
 b - a +0 leather armour (worn)
Wands
 g - a wand of digging (3)
Scrolls
 c - a scroll of fog
 d - 2 scrolls of magic mapping
 e - a scroll of fear
 h - a scroll of noise {unknown}
 i - a scroll of blinking {unknown}
 j - a scroll of teleportation {unknown}
 l - a scroll of remove curse {unknown}
Potions
 f - a potion of haste


   Skills:
 - Level 3.0 Fighting
 + Level 3.3 Axes
 - Level 1.5 Dodging
 - Level 3.3 Stealth


You had one spell level left.
You didn't know any spells.
Your spell library was empty.

Dungeon Overview and Level Annotations

Branches:
Dungeon (5/15)             Temple (1/1) D:5

Altars:
Ashenzari
Cheibriados
Dithmenos
Elyvilon
Fedhas
Gozag
Hepliaklqana
Kikubaaqudgha
Makhleb
Nemelex Xobeh
Okawaru
Qazlal
Ru
Sif Muna
Uskayaw
Vehumet
Wu Jian
Xom
Yredelemnul
Zin
The Shining One

Annotations:
D:5 Dowan, Duvessa


Innate Abilities, Weirdness & Mutations

You are completely covered in rugged brown scales. (AC +3, +7% HP)
You have supernaturally acute eyesight. (SInv)
Armour fits poorly on your strangely shaped body.
You can roll at foes to attack.
You have a long armoured tail.


Message History

The adder poisons you!
A rat comes into view.
The adder bites you but does no damage.
You hit the adder.
The adder is heavily wounded.
You feel sick. The adder closely misses you.
You hit the adder.
The adder is almost dead.
The adder bites you.
* * * LOW HITPOINT WARNING * * *
You completely miss the adder.
Your tail-slap misses the adder.
The adder is severely wounded.
You feel sick. The adder bites you.
* * * LOW HITPOINT WARNING * * *
You are more poisoned.
The adder poisons you! The adder bites you but does no damage.
It was a potion of flight.
You feel very buoyant.
You fly up into the air.
The adder bites you.
You die...

......# . ..S..# .. .
##...##... ..
###.h...[. # ...
####....l.###.#
...........>..h†$.#
.....########..#??.....
......########.#.###.##
....r.S@...†...#..
.###########.........
####...#.# .....#
...... ...... .#.#..
.##.


You could see an adder and a rat.

Vanquished Creatures
  An adder (D:2)
  A goblin (D:2)
  A hobgoblin (D:2)
  4 jackals (D:2)
  A quokka (D:3)
  A ball python (D:2)
  A frilled lizard (D:2)
  A leopard gecko skeleton (D:5)
  2 rats (D:2)
13 creatures vanquished.

Notes
Turn   | Place    | Note
-------+----------+-------------------------------------------
     0 | D:5      | miscthings the Palentonga Delver began the quest for the
                  | Orb.
     0 | D:5      | Reached XP level 1. HP: 20/20 MP: 1/1
    21 | D:5      | Found a staircase to the Ecumenical Temple.
    46 | D:5      | Noticed Duvessa
    46 | D:5      | Noticed Dowan
    60 | Temple   | Entered the Ecumenical Temple
   130 | Temple   | Became a worshipper of Warmaster Okawaru
   371 | D:4      | Noticed a howler monkey
   404 | D:4      | Noticed a sky beast
   433 | D:2      | Reached XP level 2. HP: 23/27 MP: 2/2
   473 | D:2      | Slain by an adder

Illustrated notes

Levels and vault maps discovered:
D:2:      layout_rooms, lemuel_coloured_pillars_altar, minmay_misc_feat_iff,
          minmay_tromino_i4
D:3:      layout_basic
D:4:      layout_cave_pools
D:5:      layout_layer_cave, minmay_temple_entry_junction, uniq_duvessa
Temple:   dpeg_three_leaves_temple

Skill      XL: |  1 |
---------------+----+-----
Axes           | 3 |  3.3
Fighting       | |  3.0
Dodging        | |  1.5
Stealth        | |  3.3

Action                   || total
-------------------------++-------
Melee: Hand axe          ||    45
       Tailslap          ||     4
 Abil: Rolling Charge    ||     4
  Use: Potion            ||     1
Armor: Leather armour    ||    16
Dodge: Dodged            ||    31

Table legend: (Time is in decaauts)
 A = Elapsed time spent in this place.
 B = Non-inter-level travel time spent in this place.
 C = Inter-level travel time spent in this place.
 D = Time resting spent in this place.
 E = Time spent auto-exploring this place.
 F = Levels seen in this place.
 G = Mean time per level.
                   A        B        C        D        E       F      G
               +--------+--------+--------+--------+--------+-----+--------+
         Total |    479 |    464 |     15 |      0 |    184 |   5 |   95.8 |
       Dungeon |    378 |    378 |      0 |      0 |    136 |   4 |   94.5 |
        Temple |    100 |     85 |     15 |      0 |     48 |   1 |  100.0 |
               +--------+--------+--------+--------+--------+-----+--------+

Top non-repeatable levels by time:
     D:5: 271 daAuts
  Temple: 100 daAuts
     D:2: 54 daAuts
     D:4: 40 daAuts
     D:3: 12 daAuts
